 Dungeon Crawl Stone Soup version 0.28-a0-1227-ga9037bb4c8 (webtiles) character file.

Game seed: 10677430480579879139

10806 Mamutox the Covert (level 11, -4/54 HPs)
             Began as a Spriggan Enchanter on Dec 22, 2021.
             Was a Believer of Dithmenos.
             Slain by Jorgrun (23 damage)
             ... on level 12 of the Dungeon.
             The game lasted 01:06:49 (15842 turns).

Mamutox the Covert (Spriggan Enchanter)            Turns: 15842, Time: 01:06:50

Health: -4/54      AC:  5    Str:  4    XL:     11   Next: 41%
Magic:  22/26      EV: 21    Int: 21    God:    Dithmenos [**....]
Gold:   635        SH:  0    Dex: 16    Spells: 15/30 levels left

rFire   . . .      SeeInvis +   H - +5 short sword (speed)
rCold   . . .      Faith    .   (shield restricted)
rNeg    . . .      Spirit   .   A - +0 steam dragon scales
rPois   .          Reflect  .   (helmet restricted)
rElec   .          Harm     .   (no cloak)
rCorr   +          Rampage  .   (gloves unavailable)
Will    ++...                   (boots unavailable)
Stlth   +++++++...              (no amulet)
HPRegen 0.18/turn               g - ring of willpower
MPRegen 0.20/turn               h - ring of resist corrosion

@: grasped by roots, wreathed by umbra, constricted, very quick
A: very small, no large weapons, unfitting armour, see invisible, speed 3, wild
magic 1, MP-powered wands
a: Renounce Religion, Shadow Step


You were on level 12 of the Dungeon.
You worshipped Dithmenos.
Dithmenos was pleased with you.
You visited 2 branches of the dungeon, and saw 15 of its levels.
You also visited: Sewer.

You collected 695 gold pieces.
You spent 60 gold pieces at shops.

Inventory:

Hand Weapons
 a - a +0 shortbow
 p - a +2 dagger of speed
 s - a +0 shortbow
 G - a +2 dagger of holy wrath
 H - a +5 short sword of speed (weapon)
Missiles
 d - 285 stones (quivered)
 f - 8 boomerangs
 i - 258 arrows
 j - 95 bolts
 l - 35 poisoned darts
 y - 35 sling bullets
Armour
 b - a +1 robe
 A - +0 steam dragon scales (worn)
Jewellery
 g - a ring of willpower (left hand)
 h - a ring of resist corrosion (right hand)
 m - a ring of magical power
 n - a ring of flight
 E - a ring of willpower
 L - a ring of protection from fire
 N - an amulet of guardian spirit
Wands
 q - a wand of polymorph (8)
 v - a wand of flame (7)
 J - a wand of digging (7)
 K - a wand of charming (12)
Scrolls
 k - 2 scrolls of teleportation {unknown}
 r - a scroll of amnesia {unknown}
 u - 3 scrolls of fear {unknown}
 x - a scroll of blinking
 B - 2 scrolls of enchant armour
 C - a scroll of enchant weapon
 M - a scroll of brand weapon {unknown}
Potions
 c - a potion of invisibility
 e - 6 potions of curing
 o - a potion of attraction
 t - a potion of flight
 w - 4 potions of might
 z - a potion of lignification {unknown}
 D - a potion of ambrosia
 F - 2 potions of magic
 I - a potion of heal wounds


   Skills:
 + Level 4.6 Fighting
 + Level 6.7 Short Blades
 + Level 10.9 Dodging
 + Level 13.1 Stealth
 + Level 10.1 Spellcasting
 + Level 10.4 Hexes


You had 15 spell levels left.
You knew the following spells:

 Your Spells              Type           Power      Damage    Failure   Level
a - Ensorcelled Hibernat  Hex/Ice        84%        N/A       2%          2
b - Confusing Touch       Hex            63%        N/A       1%          3
c - Tukima's Dance        Hex            63%        N/A       1%          3
d - Fulminant Prism       Conj/Hex       21%        3d13      12%         4
e - Dazzling Flash        Conj/Hex       84%        N/A       4%          3

Your spell library contained the following spells:

 Spells                   Type           Power      Damage    Failure   Level
 Beastly Appendage        Tmut           26%        N/A       10%         1
 Wereblood                Tmut           13%        N/A       14%         2
 Ozocubu's Armour         Ice            13%        N/A       26%         3
 Spider Form              Tmut/Pois      13%        N/A       26%         3
 Metabolic Englaciation   Hex/Ice        21%        N/A       30%         5
 Iskenderun's Mystic Bla  Conj/Tloc      13%        2d5       63%         4
 Petrify                  Tmut/Erth      13%        N/A       63%         4
 Lee's Rapid Deconstruct  Erth           6%         3d7*      91%         5
 Statue Form              Tmut/Erth      8%         N/A       100%        6
 Ozocubu's Refrigeration  Ice            6%         4d6       100%        7


Dungeon Overview and Level Annotations

Branches:
Dungeon (14/15)            Temple (1/1) D:7            Lair (0/6) D:11
  Sewer (visited)
    Orc: D:9-12      Vaults: D:13-14

Altars:
Ashenzari
Cheibriados
Dithmenos
Elyvilon
Fedhas
Gozag
Hepliaklqana
Kikubaaqudgha
Makhleb
Nemelex Xobeh
Okawaru
Qazlal
Ru
Sif Muna
Trog
Uskayaw
Vehumet
Xom
Yredelemnul
Zin
The Shining One
Beogh

Shops:
D:8 *   D:10 *

Annotations:
D:12 Jorgrun


Innate Abilities, Weirdness & Mutations

You are very small and have problems with some larger weapons.
You are too small for most types of armour.
You have supernaturally acute eyesight. (SInv)
You cover ground extremely quickly. (Speed+++)
Your spells are a little harder to cast, but a little more powerful.
You expend magic power (3 MP) to strengthen your wands.


Message History

You destroy the vampire mosquito!
Dithmenos accepts your kill.
You see here a vampire mosquito corpse.
You start resting.
Magic restored.
HP restored.
Found a stone staircase leading up.
There is a stone staircase leading up here.
You climb upwards.
Found 31 gold pieces.
There is a stone staircase leading down here.
Press: ? - help, v - describe, . - travel The floor.
The helpless Jorgrun fails to defend himself.
You spit Jorgrun like a pig!!!
Jorgrun is heavily wounded.
Jorgrun closely misses you.
Casting: Confusing Touch (safe; 1% risk of failure)
Confirm with . or Enter, or press ? or * to list all spells.
Aiming: Ensorcelled Hibernation (safe; 2% risk of failure)
Press: ? - help, Shift-Dir - straight line, f - Jorgrun
Aim: Jorgrun, wielding a staff of earth and wearing a +0 robe (heavily wounded, umbra, chance to affect: 2%) Jorgrun resists with almost no effort.
Jorgrun gestures at you while chanting.
Roots burst forth from the earth!
The grasping roots grab you! The grasping roots constrict you!
The roots' grasp on you weakens, but your attempt to escape fails.
The grasping roots constrict you!
Casting: Ensorcelled Hibernation (safe; 2% risk of failure)
Confirm with . or Enter, or press ? or * to list all spells.
Aiming: Ensorcelled Hibernation (safe; 2% risk of failure)
Press: ? - help, Shift-Dir - straight line, f/p - Jorgrun
Aim: Jorgrun, wielding a staff of earth and wearing a +0 robe (heavily wounded, umbra, chance to affect: 2%) Jorgrun resists with almost no effort.
Jorgrun completely misses you. The grasping roots constrict you!
* * * LOW HITPOINT WARNING * * *
You feel much better. Jorgrun hits you with a staff of earth!
Jorgrun shatters you!!
You die...

# #########
#.####.$.....#
#............#
#..........#
#..##>@g...$#
#######.# #


You could see Jorgrun.

Vanquished Creatures
  A hydra (D:14)
  A tengu warrior (D:14)
  2 two-headed ogres
  An oklob plant (D:11)
  An ugly thing (D:13)
  A cyclops (D:11)
  A troll (D:9)
  Grinder (D:4)
  A shadow (D:14)
  A wraith (D:11)
  A vampire (D:11)
  A wyvern (D:5)
  6 yaks (D:9)
  3 steam dragons
  7 vampire mosquitoes
  Edmund (D:6)
  A water moccasin (D:5)
  A sky beast (D:6)
  3 orc warriors
  A black bear (D:5)
  A necrophage (D:7)
  6 centaurs
  3 ogres
  A phantom (D:7)
  3 kobold brigands
  A bullfrog (D:6)
  3 scorpions
  A water moccasin skeleton (D:5)
  13 wights (D:7)
  10 killer bees
  A centaur zombie (D:10)
  2 howler monkeys (D:9)
  A lava snake (D:8)
  A gnoll shaman (D:6)
  7 orc priests
  A bullfrog skeleton (D:5)
  A centaur skeleton (D:6)
  An iguana (D:5)
  10 orc wizards
  A hound zombie (D:5)
  A hound skeleton (D:4)
  Robin (D:4)
  8 gnolls
  7 adders
  2 river rats (Sewer)
  2 white imps
  2 adder skeletons
  A dart slug (D:5)
  61 orcs
  8 ball pythons
  A bat skeleton (D:2)
  2 bat zombies (D:2)
  8 endoplasms
  4 giant cockroaches
  17 goblins
  8 hobgoblins
  16 jackals
  16 kobolds
  4 quokkas
  A ball python skeleton (D:2)
  A ball python zombie (D:2)
  5 bats
  2 frilled lizards
  A jackal skeleton (D:2)
  8 rats
291 creatures vanquished.

Vanquished Creatures (others)
  A kobold (D:9)
  5 fulminant prisms (D:11)
  10 plants
  7 withered plants
23 creatures vanquished.

Grand Total: 314 creatures vanquished

Notes
Turn   | Place    | Note
-------+----------+-------------------------------------------
     0 | D:1      | Mamutox the Spriggan Enchanter began the quest for the Orb.
     0 | D:1      | Reached XP level 1. HP: 9/9 MP: 5/5
   147 | D:1      | Found a faded altar of an unknown god.
   369 | D:2      | Reached XP level 2. HP: 5/13 MP: 7/7
   372 | D:2      | Learned a level 2 spell: Ensorcelled Hibernation
  1198 | D:1      | Reached skill level 5 in Stealth
  1249 | D:1      | Reached XP level 3. HP: 4/16 MP: 5/8
  2681 | D:2      | Learned a level 3 spell: Confusing Touch
  2691 | D:2      | Reached XP level 4. HP: 21/21 MP: 7/10
  2893 | D:2      | Learned a level 3 spell: Tukima's Dance
  2916 | D:2      | Reached skill level 1 in Fighting
  3481 | D:3      | Found a glowing silver altar of Zin.
  3513 | D:3      | Noticed a phantom
  3902 | D:3      | Reached XP level 5. HP: 25/25 MP: 8/11
  4637 | D:3      | Reached skill level 6 in Stealth
  5268 | D:3      | Reached XP level 6. HP: 30/30 MP: 6/13
  5410 | D:4      | Reached skill level 5 in Hexes
  5513 | D:4      | Found a blossoming altar of Fedhas.
  5553 | D:4      | Noticed Robin
  5632 | D:4      | Noticed Grinder
  5659 | D:4      | Killed Grinder
  5660 | D:4      | Reached XP level 7. HP: 28/33 MP: 15/15
  5803 | D:4      | Reached skill level 5 in Dodging
  6223 | D:4      | Killed Robin
  6388 | D:5      | Entered Level 5 of the Dungeon
  6435 | D:5      | Found an iron altar of Okawaru.
  6443 | D:5      | Reached skill level 7 in Stealth
  6518 | D:5      | Noticed a wyvern
  6525 | D:5      | Killed a wyvern
  6526 | D:5      | Reached skill level 5 in Spellcasting
  6687 | D:5      | Found a glowing drain.
  6691 | Sewer    | Entered a sewer
  6694 | Sewer    | Reached XP level 8. HP: 39/39 MP: 17/17
  6992 | Sewer    | Found a white marble altar of Elyvilon.
  7635 | D:5      | Reached skill level 8 in Stealth
  7744 | D:6      | Gained mutation: You have hidden genetic defects. [potion
                  | of mutation]
  7744 | D:6      | Gained mutation: Your spells are a little harder to cast,
                  | but a little more powerful. [potion of mutation]
  7744 | D:6      | Gained mutation: You expend magic power (3 MP) to
                  | strengthen your wands. [potion of mutation]
  7744 | D:6      | Lost mutation: You have hidden genetic defects. [potion of
                  | mutation]
  7757 | D:6      | Noticed Edmund
  8408 | D:6      | Killed Edmund
  8775 | D:6      | Reached skill level 9 in Stealth
  9157 | D:7      | Reached XP level 9. HP: 44/44 MP: 20/20
 10116 | D:7      | Reached skill level 10 in Stealth
 10335 | D:7      | Found a staircase to the Ecumenical Temple.
 10341 | Temple   | Entered the Ecumenical Temple
 10402 | Temple   | Became a worshipper of Dithmenos the Shadowed
 11083 | D:8      | Found a hide-covered altar of Uskayaw.
 11139 | D:8      | Noticed a two-headed ogre
 11157 | D:8      | Killed a two-headed ogre
 11158 | D:8      | Reached skill level 11 in Stealth
 11168 | D:8      | Learned a level 4 spell: Fulminant Prism
 11172 | D:8      | Learned a level 3 spell: Dazzling Flash
 11434 | D:8      | Reached * piety under Dithmenos
 11520 | D:8      | Found Isaam's Assorted Antiques.
 11528 | D:8      | Found an ancient bone altar of Kikubaaqudgha.
 11677 | D:8      | Reached XP level 10. HP: 39/49 MP: 23/23
 12473 | D:9      | Reached skill level 5 in Short Blades
 12739 | D:9      | Reached ** piety under Dithmenos
 12842 | D:9      | Reached skill level 12 in Stealth
 13293 | D:10     | Entered Level 10 of the Dungeon
 13394 | D:10     | Found Ciqae's General Store.
 13397 | D:10     | Bought a potion of heal wounds for 60 gold pieces
 13469 | D:10     | Found a basalt altar of Yredelemnul.
 13663 | D:10     | Reached skill level 10 in Dodging
 14147 | D:11     | Noticed an oklob plant
 14149 | D:11     | Found a staircase to the Lair.
 14652 | D:11     | Killed an oklob plant
 14708 | D:11     | Found an ancient bone altar of Kikubaaqudgha.
 14715 | D:11     | Noticed a two-headed ogre
 14718 | D:11     | Killed a two-headed ogre
 14719 | D:11     | Reached skill level 10 in Hexes
 14719 | D:11     | Reached XP level 11. HP: 53/53 MP: 17/25
 14850 | D:11     | You fall into a shaft and drop 3 floors!
 15113 | D:13     | Noticed a two-headed ogre
 15223 | D:14     | Noticed a four-headed hydra
 15238 | D:14     | Killed a four-headed hydra
 15247 | D:14     | Noticed a tengu warrior
 15247 | D:14     | Noticed a tengu warrior
 15275 | D:14     | Noticed a cyan ugly thing
 15278 | D:14     | Noticed a centaur warrior
 15278 | D:14     | Noticed an ironbound preserver
 15279 | D:14     | Noticed a boulder beetle
 15352 | D:14     | Killed a tengu warrior
 15353 | D:14     | Reached skill level 13 in Stealth
 15353 | D:14     | Reached skill level 10 in Spellcasting
 15545 | D:14     | Noticed an eight-headed hydra
 15550 | D:14     | Noticed a five-headed hydra
 15550 | D:14     | Noticed a green ugly thing
 15636 | D:13     | Noticed a centaur warrior
 15670 | D:13     | Noticed a white ugly thing
 15672 | D:13     | Noticed a centaur warrior
 15673 | D:13     | Killed a white ugly thing
 15832 | D:12     | Noticed Jorgrun
 15842 | D:12     | Slain by Jorgrun

Illustrated notes

Levels and vault maps discovered:
D:1:      sevenhm_arrival_forest_fort_small_4, layout_loops_ring,
          ebering_ecumenical_altar_petrified
D:2:      layout_rooms, serial_undead, serial_undead_d, serial_undead_b,
          serial_undead_b, serial_undead_f, serial_undead_f, serial_undead_e
D:3:      cheibrodos_pilgrimage, layout_basic, zin_statuary,
          serial_co_window_serial, co_window_corner_a, co_window_paths_b,
          co_window_paths_a, co_window_corner_a, co_window_paths_b,
          co_window_corner_b, co_window_cross_2, co_window_paths_c,
          co_window_2corner, glass_columns_c, glass_columns_c, glass_columns_a,
          glass_columns_b, glass_columns_a, saegor_snake_ambush
D:4:      layout_rooms, kennysheep_mini, uniq_robin, uniq_grinder
D:5:      layout_loops_ring, okawaru_gym_becter, gup_sewer_entry_bowl
D:6:      layout_layer_cave, uniq_edmund
D:7:      cheibrodos_quashed, layout_basic, temple_green, minivault_5
D:8:      layout_basic, nicolae_overflow_crystal_walls,
          nicolae_uskayaw_suspiria, special_room [special_room_orc],
          serial_shops, shop, nicolae_underground_beach
D:9:      layout_gridville
D:10:     layout_gridville, old_standard_altar, serial_shops, shop,
          minmay_misc_feat_encased
D:11:     layout_stronghold, dpeg_oklobed_lair, fountainhead,
          minmay_misc_feat_room, nicolae_kikubaaqudgha_miasma_corner,
          uniq_maurice
D:12:     layout_rooms, orc_david_3, grunt_ministairs_14, uniq_jorgrun
D:13:     minmay_evil_eye, layout_long_grid
D:14:     layout_basic, skrybe_vaults_entry_preservation,
          minmay_misc_feat_tower, nicolae_blasting_shop
Temple:   eino_temple_rhombus

Skill      XL: |  1  2  3  4  5  6  7  8  9 10 11 |
---------------+----------------------------------+-----
Dodging        | 3 4 5 7 9 10 | 10.9
Spellcasting   | 3 4 5 6 8 9 10 | 10.1
Hexes          | 4 5 7 8 10 | 10.4
Stealth        | 5 6 7 9 11 12 13 | 13.1
Fighting       | 1 2 3 4 |  4.6
Short Blades   | 2 3 4 6 |  6.7

Action                   |  1- 3 |  4- 6 |  7- 9 | 10-12 || total
-------------------------+-------+-------+-------+-------++-------
Melee: Dagger            |   131 |   157 |   275 |       ||   563
       Short sword       |       |       |    69 |   186 ||   255
 Cast: Ensorcelled Hiber |    37 |    44 |   119 |    74 ||   274
       Confusing Touch   |       |     4 |    26 |    13 ||    43
       Fulminant Prism   |       |       |       |     5 ||     5
Invok: Shadow Step       |       |       |       |     1 ||     1
  Use: Scroll            |       |     6 |     6 |     1 ||    13
       Potion            |       |       |     2 |     1 ||     3
 Stab: Sleeping          |    24 |    38 |    70 |    56 ||   188
       Confused          |       |     6 |    24 |    13 ||    43
       Distracted        |       |       |     1 |     2 ||     3
Armor: Robe              |    30 |    25 |    12 |       ||    67
       Steam dragon scal |       |       |       |    14 ||    14
Dodge: Dodged            |   160 |   109 |   167 |   155 ||   591

Table legend: (Time is in decaauts)
 A = Elapsed time spent in this place.
 B = Non-inter-level travel time spent in this place.
 C = Inter-level travel time spent in this place.
 D = Time resting spent in this place.
 E = Time spent auto-exploring this place.
 F = Levels seen in this place.
 G = Mean time per level.
                   A        B        C        D        E       F      G
               +--------+--------+--------+--------+--------+-----+--------+
         Total |  11855 |  11647 |    208 |   2051 |   5721 |  16 |  740.9 |
       Dungeon |  11485 |  11282 |    203 |   1928 |   5694 |  14 |  820.4 |
        Temple |     44 |     39 |      5 |      0 |     27 |   1 |   44.0 |
         Sewer |    325 |    325 |      0 |    123 |      0 |   1 |  325.0 |
               +--------+--------+--------+--------+--------+-----+--------+

Top non-repeatable levels by time:
     D:3: 1835 daAuts
     D:1: 1288 daAuts
     D:2: 1108 daAuts
     D:8: 1077 daAuts
     D:7: 1002 daAuts
     D:6: 918 daAuts
     D:9: 799 daAuts
     D:5: 766 daAuts
     D:4: 763 daAuts
    D:10: 676 daAuts
    D:14: 601 daAuts
    D:11: 485 daAuts
   Sewer: 325 daAuts
    D:13: 156 daAuts
  Temple: 44 daAuts
